 Dungeon Crawl Stone Soup version 0.29-a0-1027-gcd8c55af63 (webtiles) character file.

Game seed: 12788327125233347811

79 ragingrage the Chopper (level 4, -1/35 HPs)
             Began as a Demonspawn Chaos Knight on Aug 13, 2022.
             Was a Plaything of Xom.
             Slain by a red devil
             ... wielding a +0 trident
             ... summoned by Xom
              (2 damage)
             ... on level 2 of the Dungeon.
             The game lasted 00:02:41 (2267 turns).

ragingrage the Chopper (Demonspawn Chaos Knight)    Turns: 2267, Time: 00:02:42

Health: -1/35      AC:  6    Str: 14    XL:     4   Next: 17%
Magic:  0/4        EV: 11    Int: 14    God:    Xom [......]
Gold:   939        SH:  0    Dex: 12    Spells: 3/3 levels left

rFire   . . .      SeeInvis .   a - +2 hand axe (drain)
rCold   . . .      Faith    +   (no shield)
rNeg    . . .      Spirit   +   q - +2 leather armour
rPois   .          Reflect  .   k - +0 helmet
rElec   .          Harm     .   (no cloak)
rCorr   .          Rampage  .   (no gloves)
Will    .....                   (no boots)
Stlth   +.........              o - amulet of faith
HPRegen 0.11/turn               (no ring)
MPRegen 0.18/turn               (no ring)

@: spiked
A: claws 1, magic shield, magic regeneration
a: Renounce Religion


You were on level 2 of the Dungeon.
You worshipped Xom.
You were a very special plaything of Xom.
You visited 1 branch of the dungeon, and saw 2 of its levels.

You collected 939 gold pieces.

Inventory:

Hand Weapons
 a - a +2 hand axe of draining (weapon)
 b - a +4 sling
Missiles
 n - 2 boomerangs
Armour
 k - a +0 helmet (worn)
 q - a +2 leather armour (worn)
Jewellery
 o - an amulet of faith (around neck)
Scrolls
 e - 2 scrolls of enchant weapon {unknown}
 g - a scroll of noise {unknown}
 h - 2 scrolls of identify {unknown}
 l - a scroll of enchant armour {unknown}
 r - a scroll of silence {unknown}
Potions
 d - a potion of magic {unknown}
 f - a potion of heal wounds {unknown}
 i - a potion of haste {unknown}
 j - a potion of brilliance {unknown}
 m - 2 potions of ambrosia {unknown}
 p - a potion of curing {unknown}
Miscellaneous
 c - a piece from Xom's chessboard (15/15) (quivered)


   Skills:
 - Level 3.0 Fighting
 + Level 4.6 Axes
 - Level 1.7 Armour
 - Level 0.8 Dodging


You had 3 spell levels left.
You didn't know any spells.
Your spell library was empty.

Dungeon Overview and Level Annotations

Branches:
Dungeon (2/15)

Altars:


Innate Abilities, Weirdness & Mutations

You have sharp fingernails.
When hurt, damage is shared between your health and your magic reserves.
You regenerate magic rapidly.


Message History

No target in view!
Done exploring.
Done exploring.
Done exploring.
Done exploring.
(D) Dungeon
Where to? (Enter - D:2, ? - help)
You hear Xom's maniacal laughter.
Your body is wracked with pain! "Let's see if it's strong enough to survive yet."
A kobold is nearby!
A kobold is nearby!
You are too injured to fight recklessly!
You sense an unholy aura.
a - a +2 hand axe of draining (weapon)
The kobold hits you but does no damage.
You barely miss the kobold. The kobold hits you but does no damage.
You barely miss the kobold. The kobold hits you but does no damage.
You closely miss the kobold. The kobold closely misses you.
You closely miss the kobold. The kobold hits you but does no damage.
You closely miss the kobold. The kobold barely misses you.
You hit the kobold.
You kill the kobold!
The kobold's corpse degenerates into a cloud of primal chaos!
You start resting. "Let's see if it's strong enough to survive yet."
The shadow imp attacks as you move away!
The shadow imp closely misses you.
The red devil hits you with a +0 trident!!
* * * LOW HITPOINT WARNING * * *
Barbed spikes become lodged in your body.
The barbs in your skin will harm you if you move.
Continue?
Okay, then.
Okay, then.
The barbs in your skin will harm you if you move.
Continue?
The barbed spikes dig painfully into your body as you move.
* * * LOW HITPOINT WARNING * * *
The red devil hits you with a +0 trident.
You die... "It's all fun and games until someone loses an eye."

#......#####.# #......# #.#
############..⌠...# #.#
#.........##......# #.#
#.#######.##.....## #.# #.#
#.####5.## #.# #.# #.# #5## #.#
#.# #.# #.########.####### #.#
####.####@4............... #.#
#.........##..............
#.####.........##.#######.#####
#.#............................
#.#.##........###.##....#......
#.#.##........# #.##....#######
#.#.##........# #.#####........
#)#.##........# #.# #).......
#.#.........#####.#####<.......


You could see a red devil (summoned), an iron imp (summoned) and a shadow imp
(summoned).

Vanquished Creatures
  Robin (D:2)
  4 dart slugs
  4 ball pythons
  A bat (D:1)
  7 endoplasms
  5 giant cockroaches
  12 goblins
  4 hobgoblins
  A quokka (D:2)
  2 frilled lizards
  6 kobolds
  6 rats
53 creatures vanquished.

Notes
Turn   | Place    | Note
-------+----------+-------------------------------------------
     0 | D:1      | ragingrage the Demonspawn Chaos Knight began the quest for
                  | the Orb.
     0 | D:1      | Reached XP level 1. HP: 18/18 MP: 1/1
    83 | D:1      | XOM: divination: detect items
   150 | D:1      | Reached skill level 3 in Axes
   262 | D:1      | Gained mutation: You regenerate magic rapidly. [demonic
                  | ancestry]
   262 | D:1      | Reached XP level 2. HP: 24/24 MP: 2/2
   403 | D:1      | XOM: scenery: 1 doors close
   551 | D:1      | XOM: divination: detect creatures
   857 | D:1      | Gained mutation: You have sharp fingernails. [demonic
                  | ancestry]
   857 | D:1      | Reached XP level 3. HP: 29/29 MP: 3/3
  1054 | D:1      | XOM: god gift: 833 gold pieces
  1273 | D:2      | Reached skill level 4 in Axes
  1276 | D:2      | Noticed Robin
  1284 | D:2      | Killed Robin
  1679 | D:2      | Gained mutation: When hurt, damage is shared between your
                  | health and your magic reserves. [demonic ancestry]
  1679 | D:2      | Reached XP level 4. HP: 35/35 MP: 4/4
  2243 | D:2      | XOM: torment (20/35 hp)
  2248 | D:2      | XOM: summons 1 hostile shadow creature
  2265 | D:2      | XOM: summons 3 hostile demons
  2266 | D:2      | Noticed a red devil
  2267 | D:2      | HP: 1/35 [barbs]
  2267 | D:2      | Slain by a red devil

Illustrated notes

Levels and vault maps discovered:
D:1:      reono_arrival_mine, layout_basic, minmay_misc_feat_columns,
          grunt_decor_mini_mirrors
D:2:      layout_basic, solitary_fountain, uniq_robin

Skill      XL: |  1  2  3 |
---------------+----------+-----
Axes           | 3 4 |  4.6
Fighting       | |  3.0
Armour         | |  1.7
Dodging        | |  0.8

Action                   |  1- 3 |  4- 6 || total
-------------------------+-------+-------++-------
Melee: Hand axe          |   133 |    26 ||   159
 Fire: Sling             |       |     6 ||     6
 Stab: Sleeping          |     1 |       ||     1
Armor: Leather armour    |    56 |     8 ||    64
Dodge: Dodged            |    70 |    12 ||    82

Table legend: (Time is in decaauts)
 A = Elapsed time spent in this place.
 B = Non-inter-level travel time spent in this place.
 C = Inter-level travel time spent in this place.
 D = Time resting spent in this place.
 E = Time spent auto-exploring this place.
 F = Levels seen in this place.
 G = Mean time per level.
                   A        B        C        D        E       F      G
               +--------+--------+--------+--------+--------+-----+--------+
         Total |   2279 |   2258 |     21 |    302 |   1563 |   2 | 1139.5 |
       Dungeon |   2279 |   2258 |     21 |    302 |   1563 |   2 | 1139.5 |
               +--------+--------+--------+--------+--------+-----+--------+

Top non-repeatable levels by time:
     D:2: 1183 daAuts
     D:1: 1096 daAuts
